 Dungeon Crawl Stone Soup version 0.29-a0-876-gfc89b1a5bd (webtiles) character file.

Game seed: 68408574562700395

66 jimonade the Sneak (level 4, -3/26 HPs)
             Began as a Kobold Brigand on July 19, 2022.
             Slain by an orc
             ... wielding a +0 flail
              (8 damage)
             ... on level 5 of the Dungeon.
             The game lasted 00:03:16 (2310 turns).

jimonade the Sneak (Kobold Brigand)                 Turns: 2310, Time: 00:03:17

Health: -3/26      AC:  4    Str:  8    XL:     4   Next: 37%
Magic:  4/4        EV: 14    Int: 12    God:
Gold:   79         SH:  0    Dex: 18    Spells: 3/3 levels left

rFire   . . .      SeeInvis .   a - +2 dagger
rCold   . . .      Faith    .   (no shield)
rNeg    . . .      Spirit   .   x - +0 robe
rPois   .          Reflect  .   (no helmet)
rElec   .          Harm     .   c - +0 cloak
rCorr   .          Rampage  .   n - +0 pair of gloves
Will    .....                   (no boots)
Stlth   +++++.....              (no amulet)
HPRegen 0.08/turn               (no ring)
MPRegen 0.09/turn               (no ring)

@: no status effects
A: small, no large weapons, nightstalker 3
a: no special abilities


You were on level 5 of the Dungeon.
You visited 1 branch of the dungeon, and saw 5 of its levels.

You collected 79 gold pieces.

Inventory:

Hand Weapons
 a - a +2 dagger (weapon)
 b - a +0 sling
 i - a +0 spear
 m - a +2 mace of holy wrath
 t - a +0 rapier
Missiles
 d - 9 poisoned darts (quivered)
 e - 3 curare-tipped darts
 h - 2 boomerangs
 r - 22 stones
Armour
 c - a +0 cloak (worn)
 n - a +0 pair of gloves (worn)
 x - a +0 robe (worn)
Scrolls
 j - a scroll of fog {unknown}
 k - 4 scrolls of amnesia {unknown}
 p - a scroll of enchant armour {unknown}
 q - a scroll of blinking {unknown}
 u - a scroll of immolation {unknown}
 v - a scroll of identify {unknown}
 y - a scroll of vulnerability {unknown}
Potions
 f - 3 potions of lignification {unknown}
 g - 2 potions of magic {unknown}
 l - a potion of ambrosia {unknown}
 o - 2 potions of mutation {unknown}
 s - a potion of curing {unknown}
 w - a potion of invisibility {unknown}


   Skills:
 + Level 2.2 Fighting
 + Level 2.7 Short Blades
 - Level 2.1 Throwing
 + Level 1.2 Dodging
 * Level 7.7 Stealth


You had 3 spell levels left.
You didn't know any spells.
Your spell library contained the following spells:

 Spells                   Type           Power      Damage    Failure   Level
 Freeze                   Ice            0%         1d3       32%         1
 Sublimation of Blood     Necr           0%         N/A       45%         2
 Frozen Ramparts          Ice            0%         1d2       69%         3
 Inner Flame              Hex/Fire       0%         N/A       69%         3
 Cause Fear               Hex            0%         N/A       97%         4
 Hailstorm                Conj/Ice       0%         3d3       97%         4
 Petrify                  Tmut/Erth      0%         N/A       97%         4
 Irradiate                Conj/Tmut      0%         3d11      100%        5
 Discord                  Hex            0%         N/A       100%        8


Dungeon Overview and Level Annotations

Branches:
Dungeon (6/15)
 Temple: D:4-7

Altars:

Shops:
D:3 *

Annotations:
D:3 1 transporter, jimonade's ghost, amateur FoFi


Innate Abilities, Weirdness & Mutations

You are small and have problems with some larger weapons.
You are completely attuned to the shadows.


Message History

There is an entrance to Pusitih's Assorted Antiques here.
You open the door.
There is an open door here.
There is an open door here.
You open the door.
A sourceless malevolence fills the Dungeon...
You fall into a shaft and drop 3 floors!
The shaft crumbles and collapses.
Found 12 gold pieces.
Found a stone staircase leading up.
You now have 65 gold pieces (gained 12).
Found a ring mail.
There is a stone staircase leading up here.
You climb upwards.
There is a stone staircase leading down here.
Found a stone staircase leading up.
There is a stone staircase leading up here.
Found a stone staircase leading down.
You now have 79 gold pieces (gained 14).
There is a stone staircase leading down here.
A jelly comes into view.
An orc comes into view.
It is wielding a +0 flail. 2 orcs come into view.
The orc shouts!
The jelly quivers.
You hear a shout! x4; You hear an angry growl.
An orc comes into view. It is wielding a +0 dagger.
The jelly misses you.
An orc comes into view. It is wielding a +0 dagger.
The orc moves out of view.
You hear a bark!
The orc attacks as you move away! The orc hits you with a +0 flail.
The orc attacks as you move away! The orc closely misses you.
The orc attacks as you move away! The orc hits you with a +0 flail.
The orc attacks as you move away! The orc completely misses you.
The orc attacks as you move away! The orc hits you with a +0 flail.
The orc attacks as you move away! The orc hits you with a +0 flail!
* * * LOW HITPOINT WARNING * * *
Found 2 white potions.
The orc attacks as you move away! The orc hits you with a +0 flail!
You die...

......>.... .###.#####.
##.## .##...####.
............
#..#...####. #..#
#...#.## # #..#
#..#<##### #.
#..#######..@......
##.##......!...o..#####
......########.#.##
.###.........J###.# .
#.........>.#.##
.###.####.......##
o....# #.####### ###.##
#.# #.# #.#


You could see a jelly and an orc.

Vanquished Creatures
  2 adders
  3 worms
  3 ball pythons
  3 endoplasms (D:1)
  5 goblins
  3 hobgoblins (D:1)
  2 jackals (D:1)
  4 kobolds
  2 quokkas
  4 bats
  6 frilled lizards
  2 rats (D:1)
39 creatures vanquished.

Vanquished Creatures (others)
  2 plants (D:2)
2 creatures vanquished.

Grand Total: 41 creatures vanquished

Notes
Turn   | Place    | Note
-------+----------+-------------------------------------------
     0 | D:1      | jimonade the Kobold Brigand began the quest for the Orb.
     0 | D:1      | Reached XP level 1. HP: 12/12 MP: 1/1
   267 | D:1      | Found a faded altar of an unknown god.
   273 | D:1      | Reached XP level 2. HP: 16/17 MP: 2/2
   312 | D:1      | Reached skill level 6 in Stealth
   579 | D:1      | Reached XP level 3. HP: 21/21 MP: 3/3
  1036 | D:2      | Reached skill level 7 in Stealth
  1834 | D:2      | Reached XP level 4. HP: 26/26 MP: 4/4
  1938 | D:3      | Noticed jimonade's ghost (amateur FoFi)
  1939 | D:3      | Found a transporter.
  2188 | D:3      | Found Pusitih's Assorted Antiques.
  2211 | D:3      | You fall into a shaft and drop 3 floors!
  2255 | D:5      | Entered Level 5 of the Dungeon
  2310 | D:5      | Slain by an orc

Illustrated notes

Levels and vault maps discovered:
D:1:      scummos_arrival_simple_fountains, layout_loops_ring,
          hellmonk_ecumenical_altar_prayer_group, minmay_misc_feat_chi,
          minmay_misc_feat_ornament, supply_closet_lemuel, minivault_23,
          roderic_roman_lattice, dreamdust_princess_corridor,
          grunt_decor_one_mirror
D:2:      layout_basic, serial_forest, infiniplex_forest_zigzag_1,
          infiniplex_forest_end_2, infiniplex_forest_diagonal,
          infiniplex_forest_clump_medium, infiniplex_forest_lined_2,
          infiniplex_forest_zigzag_1, infiniplex_forest_lined_2,
          infiniplex_forest_fountain
D:3:      layout_rooms, nicolae_elyvilon_temple_path, gammafunk_ghost_smash,
          serial_shops, nicolae_shop_hallway_plus, saegor_snake_ambush
D:5:      minmay_angry_zag, layout_loops_ring, nicolae_tso_besieged_by_evil,
          uniq_sigmund
D:6:      minmay_skewed_foursquare, layout_loops_ring

Skill      XL: |  1  2  3 |
---------------+----------+-----
Stealth        | 6 7 |  7.7
Fighting       | |  2.2
Short Blades   | |  2.7
Throwing       | |  2.1
Dodging        | |  1.2

Action                   |  1- 3 |  4- 6 || total
-------------------------+-------+-------++-------
Melee: Dagger            |    47 |    23 ||    70
 Stab: Sleeping          |    23 |     5 ||    28
Armor: Robe              |     2 |       ||     2
Dodge: Dodged            |    12 |    12 ||    24

Table legend: (Time is in decaauts)
 A = Elapsed time spent in this place.
 B = Non-inter-level travel time spent in this place.
 C = Inter-level travel time spent in this place.
 D = Time resting spent in this place.
 E = Time spent auto-exploring this place.
 F = Levels seen in this place.
 G = Mean time per level.
                   A        B        C        D        E       F      G
               +--------+--------+--------+--------+--------+-----+--------+
         Total |   2301 |   2264 |     37 |    116 |   1818 |   5 |  460.2 |
       Dungeon |   2301 |   2264 |     37 |    116 |   1818 |   5 |  460.2 |
               +--------+--------+--------+--------+--------+-----+--------+

Top non-repeatable levels by time:
     D:2: 1153 daAuts
     D:1: 888 daAuts
     D:3: 161 daAuts
     D:5: 54 daAuts
     D:6: 43 daAuts
